 Dungeon Crawl Stone Soup version 0.30-a0-989-g0d87f670db (webtiles) character file.

Game seed: 17465429338634089572

690 CornPuffBuddha the Grappler (level 7, -3/51 (62) HPs)
             Began as a Troll Gladiator on Apr 4, 2023.
             Slain by a wight
             ... wielding a +2 hand axe of freezing
              (4 damage)
             ... on level 4 of the Dungeon.
             The game lasted 00:12:08 (3512 turns).

CornPuffBuddha the Grappler (Troll Gladiator)       Turns: 3512, Time: 00:12:09

HP:   -3/51 (62)    AC:  4    Str: 25    XL:     7   Next: 36%
MP:   6/6           EV: 10    Int:  4    God:
Gold: 221           SH:  0    Dex: 11    Spells: 6/6 levels left

rFire   . . .      SeeInvis .      - Unarmed
rCold   . . .      Faith    .    (no shield)
rNeg    . . .      Spirit   .    a - +0 robe
rPois   .          Reflect  .    b - +0 hat
rElec   .          Rampage  .    (no cloak)
rCorr   .                        (gloves unavailable)
Will    .....                    (boots unavailable)
Stlth   +                        p - amulet of the acrobat
HPRegen 1.08/turn                (no ring)
MPRegen 0.10/turn                (no ring)

@: heavily drained
A: large, unfitting armour, claws 3, regeneration 1, shaggy fur 1, tough skin 1
a: no special abilities


You were on level 4 of the Dungeon.
You visited 1 branch of the dungeon, and saw 5 of its levels.
You also visited: Sewer.

You collected 221 gold pieces.

Inventory:

Missiles
 c - 3 throwing nets (quivered)
 d - a large rock
Armour
 a - a +0 robe (worn)
 b - a +0 hat (worn)
 k - a +0 pair of gloves
Jewellery
 p - an amulet of the acrobat (around neck)
 q - an amulet of magic regeneration
Wands
 w - a wand of iceblast (5)
Scrolls
 e - 3 scrolls of enchant armour {unknown}
 g - 2 scrolls of immolation {unknown}
 h - 5 scrolls of teleportation {unknown}
 j - 2 scrolls of identify {unknown}
 l - 2 scrolls of fog {unknown}
 m - a scroll of noise {unknown}
 o - 2 scrolls of enchant weapon {unknown}
 u - a scroll of acquirement {unknown}
Potions
 f - 3 potions of might {unknown}
 i - 2 potions of degeneration {unknown}
 n - 2 potions of brilliance {unknown}
 r - 2 potions of flight {unknown}
 s - 3 potions of heal wounds
 t - 2 potions of haste {unknown}
 v - 3 potions of invisibility {unknown}


   Skills:
 - Level 1.5 Fighting
 - Level 1.8 Throwing
 - Level 2.4 Dodging
 * Level 8.7 Unarmed Combat


You had 6 spell levels left.
You didn't know any spells.
Your spell library contained the following spells:

 Spells                   Type           Power      Damage    Failure   Level
 Apportation              Tloc           0%         N/A       50%         1
 Beastly Appendage        Tmut           0%         N/A       50%         1
 Necrotise                Necr           0%         1d4       50%         1
 Summon Small Mammal      Summ           0%         N/A       50%         1
 Wereblood                Tmut           0%         N/A       65%         2
 Gell's Gravitas          Tloc           0%         N/A       86%         3
 Spider Form              Tmut/Pois      0%         N/A       86%         3
 Teleport Other           Tloc           0%         N/A       86%         3
 Dispersal                Tloc           0%         N/A       100%        6


Dungeon Overview and Level Annotations

Branches:
Dungeon (5/15)              Sewer (visited)
 Temple: D:4-7

Altars:
Sif Muna

Shops:
D:2 (

Annotations:
D:3 1 runed translucent door, Zvl3's ghost, amateur SpHu
D:4 1 runed translucent door, Jeffwins's ghost, novice HuWn


Innate Abilities, Weirdness & Mutations

You are too large for most types of armour.
You have claws for hands.
Your natural rate of healing is unusually fast.
You are covered in fur. (AC +1)
You have tough skin. (AC +1)


Message History

There is a stone staircase leading down, spattered with blood here.
You start resting.
You feel sick. x4
You are no longer poisoned.
You start resting.
HP restored.
You climb downwards.
The orc barely misses you. The wight closely misses you. x2
The wight hits you with a +5 dagger!
You feel drained.
There is a stone staircase leading up here.
The orc hits you with a +2 flail of protection!
The wight closely misses you. The wight barely misses you.
The wight hits you with a +5 dagger.
You climb upwards.
Level annotation: 1 runed translucent door, Jeffwins's ghost, novice HuWn
There is a stone staircase leading down, spattered with blood here.
You feel much better.
The orc hits you with a +2 flail of protection.
The wight hits you with a +3 long sword!
You feel drained. The wight hits you with a +5 dagger!
You feel drained.
The wight hits you with a +2 hand axe of freezing.
You feel drained. The wight freezes you.
Aiming: Iceblast
Press: ? - help, Q - select action, (/) - cycle Shift-Dir - straight line That beam is likely to hit you.
Continue anyway?
Okay, then.
You scratch the orc but do no damage.
The orc hits you with a +2 flail of protection.
The wight completely misses you. The wight hits you with a +5 dagger.
The wight barely misses you.
You scratch the orc.
The orc is almost dead.
The orc completely misses you.
The wight hits you with a +3 long sword!
* * * LOW HITPOINT WARNING * * *
You feel drained.
* * * LOW HITPOINT WARNING * * *
The wight completely misses you.
The wight hits you with a +2 hand axe of freezing!
* * * LOW HITPOINT WARNING * * *
You feel drained.
You die...

#.......##.......
#.....[.##.......
#.)....########## #....(..[....#
##..#........# ###########
#............# #.........#
#.#.#.#....###
#.........######z#.#.#.##.#####
#.........+...o@z#.#'#'##+#...#
#.........#####z##..<.......#.##
#.........#.....###.........#...
#.........#.###.#.'.........####
#.........'.# #.#.#.............
#.........### #.#.#####'#.......
#.........# #...# #.#....###
########### #...#####.#...##⌠#
#............##W..


You could see 3 wights and an orc.

Vanquished Creatures
  An ogre (D:4)
  A phantom (D:4)
  A kobold brigand (Sewer)
  A scorpion (D:4)
  A wight (D:4)
  Terence (D:2)
  Robin (D:2)
  12 adders
  7 river rats (Sewer)
  A white imp (D:4)
  A worm (D:4)
  3 dart slugs
  5 orcs
  14 ball pythons
  6 endoplasms
  5 giant cockroaches
  18 goblins
  8 hobgoblins
  3 jackals (D:3)
  4 quokkas
  3 bats
  5 frilled lizards
  31 kobolds
  21 rats
154 creatures vanquished.

Vanquished Creatures (others)
  3 plants (D:2)
  2 withered plants (D:3)
5 creatures vanquished.

Grand Total: 159 creatures vanquished

Notes
Turn   | Place    | Note
-------+----------+-------------------------------------------
     0 | D:1      | CornPuffBuddha the Troll Gladiator began the quest for the
                  | Orb.
     0 | D:1      | Reached XP level 1. HP: 19/19 MP: 0/0
   174 | D:1      | Reached XP level 2. HP: 27/27 MP: 1/1
   739 | D:1      | Found a faded altar of an unknown god.
   786 | D:2      | Reached skill level 4 in Unarmed Combat
   829 | D:2      | Reached XP level 3. HP: 33/33 MP: 2/2
   850 | D:2      | Noticed Robin
   858 | D:2      | Killed Robin
   913 | D:2      | Found Canwiec's Weapon Shop.
   983 | D:2      | Reached XP level 4. HP: 41/41 MP: 3/3
  1122 | D:2      | Reached skill level 5 in Unarmed Combat
  1626 | D:2      | Noticed Terence
  1629 | D:2      | Killed Terence
  1863 | D:3      | Reached XP level 5. HP: 45/48 MP: 4/4
  2144 | D:3      | Found a glowing drain.
  2182 | D:3      | Reached skill level 6 in Unarmed Combat
  2198 | Sewer    | Entered a sewer
  2467 | Sewer    | Reached XP level 6. HP: 55/55 MP: 5/5
  2496 | Sewer    | Reached skill level 7 in Unarmed Combat
  2679 | D:3      | Found a runed translucent door.
  2684 | D:3      | Noticed Zvl3's ghost (amateur SpHu)
  2717 | D:3      | Found a shimmering blue altar of Sif Muna.
  3091 | D:4      | Reached skill level 8 in Unarmed Combat
  3091 | D:4      | Reached XP level 7. HP: 59/62 MP: 6/6
  3128 | D:4      | Found a runed translucent door.
  3128 | D:4      | Noticed Jeffwins's ghost (novice HuWn)
  3483 | D:5      | Entered Level 5 of the Dungeon
  3512 | D:4      | HP: 1/53 [wight/+2 hand axe of freezing (11)]
  3512 | D:4      | Slain by a wight

Illustrated notes

Levels and vault maps discovered:
D:1:      lemuel_arrival_hallway, layout_basic,
          shapermc_ecumenical_altar_mp_vishouse
D:2:      minmay_alternating_diamond, layout_loops_ring, serial_shops, shop,
          chequers_big_river, amethyst_killhole, minmay_tree_intersection,
          kennysheep_potato, uniq_robin, uniq_terence
D:3:      layout_loops_ring, led_sif_book, gammafunk_ghost_grave,
          gup_sewer_entry_glass
D:4:      layout_basic, hellmonk_ghost_happy_afterlife
D:5:      layout_basic, minmay_temple_entry_poolview, uniq_blork_the_orc

Skill      XL: |  1  2  3  4  5  6 |
---------------+-------------------+-----
Unarmed Combat | 4 5 6 8 |  8.7
Fighting       | |  1.5
Throwing       | |  1.8
Dodging        | |  2.4

Action                     |  1- 3 |  4- 6 |  7- 9 || total
---------------------------+-------+-------+-------++-------
  Melee: Unarmed           |   107 |   215 |    20 ||   342
         Punch             |     1 |     5 |     1 ||     7
    Use: Potion            |       |       |     1 ||     1
   Stab: Sleeping          |     1 |     1 |       ||     2
 Armour: Robe              |    30 |    73 |     4 ||   107
  Dodge: Dodged            |    57 |   145 |    18 ||   220

Table legend: (Time is in decaauts)
 A = Elapsed time spent in this place.
 B = Non-inter-level travel time spent in this place.
 C = Inter-level travel time spent in this place.
 D = Time resting spent in this place.
 E = Time spent auto-exploring this place.
 F = Levels seen in this place.
 G = Mean time per level.
                   A        B        C        D        E       F      G
               +--------+--------+--------+--------+--------+-----+--------+
         Total |   3476 |   3229 |    247 |     46 |   2404 |   6 |  579.3 |
       Dungeon |   3083 |   2836 |    247 |     46 |   2194 |   5 |  616.6 |
         Sewer |    393 |    393 |      0 |      0 |    210 |   1 |  393.0 |
               +--------+--------+--------+--------+--------+-----+--------+

Top non-repeatable levels by time:
     D:2: 1061 daAuts
     D:1: 780 daAuts
     D:3: 715 daAuts
     D:4: 522 daAuts
   Sewer: 393 daAuts
     D:5: 4 daAuts
